 Dungeon Crawl Stone Soup version 0.15-a0-183-gc0cdb55 (webtiles) character file.

434 PolkaDot the Vexing (level 5, -6/35 HPs)
             Began as a Vampire Enchanter on Apr 20, 2014.
             Mangled by a gnoll
             ... wielding a +0,+0 flail
              (10 damage)
             ... while paralysed by a potion of paralysis
             ... on Level 3 of the Dungeon.
             The game lasted 00:10:23 (2781 turns).

PolkaDot the Vexing (Vampire Enchanter)             Turns: 2781, Time: 00:10:23

HP  -6/35        AC  3     Str  7      XL: 5   Next: 78%
MP   1/11        EV  2     Int 17      God:
Gold 196         SH  0     Dex 15      Spells:  4 memorised,  3 levels left

rFire  + . .     SeeInvis +     a - +1 dagger
rCold  . . .     Clarity  .     b - +1 robe
rNeg   + . .     Conserve .     (no shield)
rPois  .         rCorr    .     (no helmet)
rElec  .         rRot     .     (no cloak)
SustAb + .       Spirit   .     (no gloves)
rMut   .         Warding  .     (no boots)
Saprov . . .     Stasis   .     (no amulet)
MR     .....                    n - ring of sustain abilities {unknown}
                                j - ring of protection from fire {unknown}

@: paralysed, very slightly contaminated, not resistant to hostile enchantments,
stealthy
A: fangs 3, see invisible, unbreathing
a: Bat Form


You were on level 3 of the Dungeon.
You were not thirsty.

You visited 1 branch of the dungeon, and saw 3 of its levels.
You also visited: Sewer.

You collected 196 gold pieces.

Inventory:

Hand weapons
 a - a +1,+1 dagger (weapon)
Missiles
 d - 12 darts (quivered)
Armour
 b - a +1 robe (worn)
Scrolls
 e - a scroll of enchant armour {unknown}
 f - a scroll of random uselessness {unknown}
 g - a scroll of recharging {unknown}
 k - a scroll of immolation {unknown}
 m - a scroll of teleportation
 q - a scroll of fear {unknown}
Jewellery
 j - a ring of protection from fire (left hand) {unknown}
 n - a ring of sustain abilities (right hand) {unknown}
Potions
 h - a potion of curing
 i - a potion of paralysis {!q}
 l - a potion of resistance {unknown}
 o - a potion of confusion {unknown}
 p - a potion of restore abilities {unknown}
 r - a potion of berserk rage {unknown}
Books
 c - a book of Maledictions

   Spells                             Type                      Level
   *Corona                            Hexes                        1
   *Sure Blade                        Hexes/Charms                 2
   *Ensorcelled Hibernation           Hexes/Ice                    2
   *Confuse                           Hexes                        3
   Dazzling Spray                     Conjuration/Hexes            3
   Enslavement                        Hexes                        4


   Skills:
 + Level 2.9 Short Blades
 - Level 0.7 Throwing
 - Level 2.1 Dodging
 - Level 4.0 Stealth
 * Level 3.6 Spellcasting
 + Level 6.6 Hexes


You had 3 spell levels left.
You knew the following spells:

 Your Spells              Type           Power        Failure   Level  Hunger
a - Corona                Hex            ####...      1%          1    None
b - Sure Blade            Hex/Chrm       ##........   10%         2    ##.....
c - Confuse               Hex            ####....     3%          3    ###....
d - Ensorcelled Hibernat  Hex/Ice        ##....       10%         2    ##.....


Dungeon Overview and Level Annotations

Branches:
Dungeon (3/15)

Altars:


Innate Abilities, Weirdness & Mutations

You have razor-sharp teeth.*
You have supernaturally acute eyesight.
You can survive without breathing.*


Message History

The gnoll hits you.
You hit the gnoll. You bite the gnoll.
The gnoll is heavily wounded.
The gnoll closely misses you.
Drink which item? (? for menu, Esc to quit)
You feel better.
It was a potion of curing.
The gnoll hits you.
You hit the gnoll.
The gnoll is severely wounded.
The gnoll hits you.
You hit the gnoll.
You kill the gnoll!
Drink which item? (? for menu, Esc to quit)
You suddenly lose the ability to move!
It was a potion of paralysis.
The gnoll unwields an uncursed club.
The gnoll drops an uncursed club.
The gnoll picks up a flail.
The gnoll wields a flail.
The gnoll hits you but does no damage. The gnoll hits you with a flail!
* * * LOW HITPOINT WARNING * * *
The gnoll hits you with a flail!
You die...

# # ######### #
#.......# #
######..)....# #
#.gg@'.......# +
..>...####.......+
# ...
###..%....########
.
...(....'........).
###################
#### #..####


You could see 2 gnolls.

Vanquished Creatures
  A crocodile (Sewer)
  Ijyb (D:2)
  2 gnolls (D:3)
  3 adders
  A giant mite (D:3)
  7 giant geckos
  4 orcs (D:3)
  5 giant cockroaches
  11 goblins
  6 hobgoblins
  4 jackals (D:1)
  2 quokkas
  13 bats
  3 giant newts
  10 kobolds
  6 rats
79 creatures vanquished.

Notes
Turn   | Place    | Note
--------------------------------------------------------------
     0 | D:1      | PolkaDot, the Vampire Enchanter, began the quest for the Orb.
     0 | D:1      | Reached XP level 1. HP: 13/13 MP: 3/3
    92 | D:1      | Reached XP level 2. HP: 8/19 MP: 4/4
   154 | D:1      | Learned a level 2 spell: Ensorcelled Hibernation
   157 | D:1      | Learned a level 2 spell: Sure Blade
   196 | D:1      | Reached skill level 5 in Hexes
   794 | D:1      | Reached XP level 3. HP: 24/24 MP: 6/6
  1748 | D:2      | Reached XP level 4. HP: 27/30 MP: 8/8
  1753 | D:2      | Learned a level 3 spell: Confuse
  1807 | D:2      | Noticed Ijyb
  1821 | D:2      | Killed Ijyb
  2090 | D:3      | Found a glowing drain.
  2107 | Sewer    | Entered a sewer
  2237 | Sewer    | Noticed a crocodile
  2246 | Sewer    | Killed a crocodile
  2246 | Sewer    | Reached skill level 6 in Hexes
  2246 | Sewer    | Reached XP level 5. HP: 35/35 MP: 2/11
  2777 | D:3      | Paralysed by a potion of paralysis for 5 turns
  2781 | D:3      | Mangled by a gnoll

Action                   |  1- 3 |  4- 6 || total
-------------------------+-------+-------++-------
Melee: Dagger            |   155 |    96 ||   251
 Cast: Corona            |     3 |       ||     3
       Ensorcelled Hiber |    12 |    25 ||    37
       Confuse           |       |     1 ||     1
  Use: Potion            |     1 |     2 ||     3
       Scroll            |       |     1 ||     1
 Stab: Sleeping          |    15 |    19 ||    34
       Confused          |       |     1 ||     1
